 Dungeon Crawl Stone Soup version 0.20.0-4-g10b340a (webtiles) character file.

347 tv1990 the Ruffian (level 6, -3/63 HPs)
             Began as a Troll Monk on May 27, 2017.
             Slain by a killer bee (10 damage)
             ... on level 3 of the Dungeon.
             The game lasted 00:07:37 (2074 turns).

tv1990 the Ruffian (Troll Monk)                     Turns: 2074, Time: 00:07:37

Health: -3/63      AC:  5    Str: 20    XL:     6   Next: 33%
Magic:  5/5        EV: 10    Int:  6    God:
Gold:   152        SH:  0    Dex: 14    Spells: 5/5 levels left

rFire    . . .     SeeInvis .     - Unarmed
rCold    . . .     Gourm    +   (no shield)
rNeg     . . .     Faith    .   a - +0 robe
rPois    .         Spirit   .   (helmet restricted)
rElec    .         Reflect  .   (no cloak)
rCorr    .         Harm     .   (gloves unavailable)
MR       .....                  (boots unavailable)
Stlth    +++.......             (no amulet)
Regen    0.6/turn               e - ring of stealth
MPRegen  0.1/turn               (no ring)

@: lethally poisoned (-3 -> -6), flying
A: unfitting armour, claws 3, fast metabolism 3, gourmand, regeneration 1,
shaggy fur 1, tough skin 2
a: no special abilities


You were on level 3 of the Dungeon.
You were very full.

You visited 1 branch of the dungeon, and saw 3 of its levels.

You collected 152 gold pieces.

Inventory:

Hand Weapons
 g - a cursed +0 whip
Armour
 a - a +0 robe (worn)
Jewellery
 e - a ring of stealth (left claw)
Wands
 u - a wand of disintegration (12/24)
Scrolls
 d - a scroll of noise {unknown}
 l - a scroll of fog
 m - a scroll of enchant armour {unknown}
 n - 3 scrolls of identify
 o - a scroll of fear {unknown}
 p - a scroll of recharging {unknown}
 q - a scroll of amnesia {unknown}
 t - a scroll of magic mapping {unknown}
Potions
 c - 2 potions of haste
 i - 2 potions of curing {unknown}
 k - a potion of berserk rage {unknown}
 r - a potion of resistance {unknown}
 s - a potion of agility {unknown}
Comestibles
 b - 4 bread rations
 h - 2 meat rations
 j - 7 chunks of flesh


   Skills:
 + Level 4.5 Fighting
 - Level 2.4 Dodging
 - Level 1.0 Stealth
 + Level 5.4 Unarmed Combat


You had 5 spell levels left.
You didn't know any spells.

Dungeon Overview and Level Annotations

Branches:
Dungeon (3/15)

Altars:
Nemelex Xobeh
Ru


Innate Abilities, Weirdness & Mutations

You are too large for most types of armour.
You have claws for hands.
Your metabolism is lightning-fast.
You like to eat raw meat.
Your natural rate of healing is unusually fast.
You are covered in fur. (AC +1)
You have very tough skin. (AC +2)


Message History

* * * LOW HITPOINT WARNING * * *
You claw the killer bee!
You kill the killer bee!
You feel sick. The killer bee misses you. The killer bee stings you!
* * * LOW HITPOINT WARNING * * *
You closely miss the killer bee.
The killer bee is moderately wounded.
You feel sick. The killer bee completely misses you.
The killer bee closely misses you.
You miss the killer bee.
The killer bee is moderately wounded.
The killer bee stings you.
* * * LOW HITPOINT WARNING * * *
You are more poisoned.
The killer bee poisons you!
The killer bee stings you but does no damage.
It was a potion of flight.
You feel very buoyant.
You fly up into the air.
You feel sick. The killer bee stings you!
You die...

#..........##
#........#..#
.........##.##
.##.(....##..##
###......###..###
# #......# ##...#
# ######## ###.##
#.†###
##@yw#######
###........
#........
#........
#........
##....... .......
....... ......[


You could see a worm and a killer bee.

Vanquished Creatures
  3 killer bees (D:3)
  2 orc wizards (D:3)
  6 adders
  An ooze (D:2)
  2 worms
  2 dart slugs
  2 leopard geckos
  5 orcs (D:3)
  4 giant cockroaches
  8 hobgoblins
  8 kobolds
  2 quokkas
  A ball python (D:1)
  10 bats
  4 frilled lizards
  20 goblins
  9 rats
89 creatures vanquished.

Notes
Turn   | Place    | Note
-------+----------+-------------------------------------------
     0 | D:1      | tv1990 the Troll Monk began the quest for the Orb.
     0 | D:1      | Reached XP level 1. HP: 22/22 MP: 0/0
   121 | D:1      | Reached XP level 2. HP: 29/29 MP: 1/1
   489 | D:1      | Reached XP level 3. HP: 36/36 MP: 2/2
  1018 | D:2      | Reached skill level 4 in Unarmed Combat
  1155 | D:2      | Found a sparkling altar of Nemelex Xobeh.
  1253 | D:2      | Reached XP level 4. HP: 30/45 MP: 3/3
  1787 | D:3      | Reached XP level 5. HP: 43/54 MP: 4/4
  1847 | D:3      | Found a sacrificial altar of Ru.
  1979 | D:3      | Reached skill level 5 in Unarmed Combat
  2065 | D:3      | Reached XP level 6. HP: 43/63 MP: 5/5
  2074 | D:3      | Slain by a killer bee

Skill      XL: |  1  2  3  4  5 |
---------------+----------------+-----
Fighting       | 3 4 |  4.5
Unarmed Combat | 4 5 |  5.4
Dodging        | |  2.4
Stealth        | |  1.0

Action                   |  1- 3 |  4- 6 || total
-------------------------+-------+-------++-------
Melee: Unarmed           |   133 |   106 ||   239
  Use: Scroll            |     3 |       ||     3
       Potion            |       |     2 ||     2
 Stab: Sleeping          |     3 |     4 ||     7
  Eat: Chunk             |    17 |     7 ||    24
Armor: Robe              |    47 |    30 ||    77
       Skin              |       |     4 ||     4
Dodge: Dodged            |    70 |    56 ||   126

Vault maps used:
D:1:      dpeg_arrival_morbid_curiosity, st_stairs_14, minmay_split_cup_large
D:2:      nemelex_xobeh_ov_fountains_minmay, st_stairs_10
D:3:      nicolae_ru_sacrificial_ziggurat
